 Dungeon Crawl Stone Soup version 0.21.1-1-g345015f (webtiles) character file.

11674 wojtek the Protected (level 11, 0/99 HPs)
             Began as a Minotaur Berserker on Mar 11, 2018.
             Was a High Priest of Trog.
             Slain by a seven-headed hydra (6 damage)
             ... on level 1 of the Lair of Beasts.
             The game lasted 00:16:29 (13770 turns).

wojtek the Protected (Minotaur Berserker)          Turns: 13770, Time: 00:16:31

Health: 0/99       AC: 14    Str: 25    XL:     11   Next: 52%
Magic:  10/10      EV: 15    Int:  4    God:    Trog [*****.]
Gold:   550        SH:  0    Dex: 10    Spells: 10/10 levels left

rFire    + . .     SeeInvis .   a - +1 battleaxe (freeze)
rCold    x . .     Gourm    .   (shield currently unavailable)
rNeg     . . .     Faith    .   Q - +1 ring mail "Zorhob" {MR+++} (curse)
rPois    +         Spirit   .   T - +1 hat {MR+}
rElec    .         Reflect  .   U - +1 cloak
rCorr    .         Harm     .   i - +0 pair of gloves
MR       ++++.                  (no boots)
Stlth    ..........             (no amulet)
HPRegen  0.26/turn              R - ring of poison resistance
MPRegen  0.12/turn              M - ring of fire

@: marked
A: retaliatory headbutt, horns 2
a: Berserk, Trog's Hand, Brothers in Arms, Burn Spellbooks, Renounce Religion


You were on level 1 of the Lair of Beasts.
You worshipped Trog.
Trog was extremely pleased with you.
You were near starving.

You visited 2 branches of the dungeon, and saw 11 of its levels.
You also visited: Ossuary.

You collected 790 gold pieces.
You spent 240 gold pieces at shops.

Inventory:

Hand Weapons
 a - a +1 battleaxe of freezing (weapon)
 X - a +0 blowgun
Missiles
 n - 79 poisoned needles
 W - 5 curare-tipped needles
Armour
 i - a +0 pair of gloves (worn)
 l - a +0 buckler
 I - a +0 plate armour
 Q - the cursed +1 ring mail "Zorhob" (worn) {MR+++}
   (You found it on level 7 of the Dungeon)

   It affects your resistance to hostile enchantments.
   It has a curse placed upon it.
 T - a +1 hat of magic resistance (worn)
 U - a +1 cloak (worn)
Jewellery
 j - an uncursed ring of ice
 D - an uncursed ring of flight
 M - a ring of fire (right hand)
 P - an uncursed ring of stealth {unknown}
 R - a ring of poison resistance (left hand)
Wands
 E - a wand of random effects (18)
 J - a wand of acid (9)
 L - a wand of digging (12)
Scrolls
 f - 3 scrolls of random uselessness {unknown}
 g - 4 scrolls of immolation {unknown}
 h - 13 scrolls of identify {unknown}
 m - 4 scrolls of teleportation
 q - a scroll of magic mapping {unknown}
 s - a scroll of vulnerability {unknown}
 t - 8 scrolls of amnesia {unknown}
 y - 2 scrolls of fear {unknown}
 A - 2 scrolls of noise {unknown}
 C - 6 scrolls of remove curse
 G - 2 scrolls of enchant armour {unknown}
 H - a scroll of fog {unknown}
 N - a scroll of blinking {unknown}
 Y - 2 scrolls of enchant weapon {unknown}
Potions
 b - 3 potions of brilliance {unknown}
 d - 5 potions of agility {unknown}
 e - 2 potions of heal wounds {unknown}
 k - a potion of resistance {unknown}
 o - 7 potions of lignification {unknown}
 p - 2 potions of flight {unknown}
 r - 3 potions of magic {unknown}
 u - 2 potions of berserk rage {unknown}
 v - a potion of ambrosia {unknown}
 w - 4 potions of haste {unknown}
 x - 7 potions of curing {unknown}
 z - a potion of mutation {unknown}
 B - a potion of experience {unknown}
 F - a potion of cancellation {unknown}
 K - 2 potions of invisibility {unknown}
 S - a potion of degeneration {unknown}
Books
 Z - a Young Poisoner's Handbook

   Spells                             Type                      Level
   a - Sting                          Conjuration/Poison           1
   b - Poisonous Vapours              Poison/Air                   2
   c - Mephitic Cloud                 Conjuration/Poison/Air       3
   d - Olgreb's Toxic Radiance        Poison                       4
   e - Venom Bolt                     Conjuration/Poison           5
   Trog disapproves of the use of such an item.
Comestibles
 c - 25 rations


   Skills:
 + Level 9.9 Fighting
 + Level 12.4 Axes
 * Level 12.8 Armour
 + Level 8.7 Dodging


You had 10 spell levels left.
You didn't know any spells.

Dungeon Overview and Level Annotations

Branches:
Dungeon (10/15)            Temple (0/1) D:6            Lair (1/6) D:10
    Orc (0/2) D:10

Altars:
Dithmenos
Makhleb
Okawaru
Qazlal
Ru
Sif Muna
Wu Jian
Xom
The Shining One

Shops:
D:7 *


Innate Abilities, Weirdness & Mutations

You reflexively headbutt those who attack you in melee.
You have a pair of horns on your head.


Message History

Something bites you.
Something bites you but does no damage. x2
Something bites you. x2; Something bites you but does no damage. x2
Your two-headed ogre closely misses something.
Your two-headed ogre hits something with a giant spiked club.
You see here a hunting sling.
Something bites you.
* * * LOW HITPOINT WARNING * * *
Something bites you.
* * * LOW HITPOINT WARNING * * *
Something bites you but does no damage. x2; Something bites you.
* * * LOW HITPOINT WARNING * * *
Something bites you but does no damage. Something bites you.
* * * LOW HITPOINT WARNING * * *
You hear two shouts!
Something bites you.
* * * LOW HITPOINT WARNING * * *
Something bites you but does no damage. x2; Something bites you!
* * * LOW HITPOINT WARNING * * *
Something bites you but does no damage. Something bites you.
You die...

##......#
####.....#.##...
#......#
#.#.#...##...
####...#
#####.......#####.
#...####.....##.####
## ####.......##....
#..........#
##........#.#
#.....#..#..##
#....#@...#..#
#..)###....#
####.##...##
##...### #PO##.#
##.# ## #..#####
#.#....# #.......#
..


There were no monsters in sight!

Vanquished Creatures
  Gastronok (D:9)
  Psyche (D:10)
  A spiny frog (Lair:1)
  5 blink frogs
  3 hippogriffs
  Prince Ribbit (D:7)
  A human (D:9)
  14 yaks
  3 hogs (D:9)
  3 water moccasins (D:7)
  3 orc warriors
  4 porcupines (D:10)
  5 sky beasts
  2 black bears (D:10)
  3 ogres
  An eye of draining (D:10)
  A necrophage (D:6)
  2 phantoms
  2 centaurs
  A crocodile (D:10)
  2 big kobolds (D:9)
  7 bullfrogs
  A wyvern zombie (D:8)
  5 water moccasin zombies (Ossuary)
  A scorpion (D:8)
  13 killer bees
  3 wights (D:7)
  2 crimson imps
  A centaur zombie (D:9)
  A jelly (D:6)
  5 orc priests
  2 hounds
  9 orc wizards
  A centaur skeleton (D:8)
  2 iguanas (D:8)
  6 worker ants
  3 big kobold zombies (Ossuary)
  2 hound zombies
  A hound skeleton (D:7)
  3 mummies
  13 adders
  A shadow imp (D:6)
  An ooze (D:1)
  10 adder zombies
  A worm (D:3)
  A dart slug (D:1)
  5 leopard geckos
  42 orcs
  8 giant cockroaches
  2 gnoll zombies (Ossuary)
  5 goblins
  4 hobgoblins
  14 jackals
  14 kobolds
  6 quokkas
  2 ball pythons
  6 bats
  5 frilled lizards
  A hobgoblin zombie (Ossuary)
  A jackal skeleton (D:5)
  6 kobold zombies (Ossuary)
  A leopard gecko zombie (D:5)
  4 orc zombies (Ossuary)
  A quokka skeleton (D:4)
  8 rats
  2 fungi (D:10)
  3 plants (D:10)
294 creatures vanquished.

Vanquished Creatures (others)
  13 fungi (D:10)
  A plant (D:10)
14 creatures vanquished.

Grand Total: 308 creatures vanquished

Notes
Turn   | Place    | Note
-------+----------+-------------------------------------------
     0 | D:1      | wojtek the Minotaur Berserker began the quest for the Orb.
     0 | D:1      | Reached XP level 1. HP: 19/19 MP: 0/0
   257 | D:1      | Reached XP level 2. HP: 25/26 MP: 1/1
   582 | D:1      | Reached skill level 5 in Axes
   658 | D:1      | Reached XP level 3. HP: 22/31 MP: 2/2
   969 | D:1      | Reached ** piety under Trog
  1849 | D:2      | Found a sacrificial altar of Ru.
  1854 | D:2      | Found an iron altar of Okawaru.
  2073 | D:2      | Reached XP level 4. HP: 37/39 MP: 3/3
  2666 | D:3      | Found a stormy altar of Qazlal.
  2854 | D:3      | Reached XP level 5. HP: 36/45 MP: 4/4
  3253 | D:3      | Found an ornate altar of the Wu Jian Council.
  3391 | D:4      | Found a sand-covered staircase.
  3467 | Ossuary  | Entered an ossuary
  3856 | Ossuary  | Reached XP level 6. HP: 45/51 MP: 5/5
  3984 | Ossuary  | Reached *** piety under Trog
  4082 | Ossuary  | Reached XP level 7. HP: 40/59 MP: 6/6
  5243 | D:4      | Found a deep blue altar of Sif Muna.
  5285 | D:5      | Entered Level 5 of the Dungeon
  5360 | D:5      | Reached skill level 5 in Armour
  5703 | D:5      | Reached **** piety under Trog
  5922 | D:5      | Reached XP level 8. HP: 48/67 MP: 7/7
  6028 | D:5      | Reached skill level 5 in Fighting
  6654 | D:6      | Reached skill level 10 in Axes
  6727 | D:6      | Found Ullo's Distillery.
  7163 | D:6      | Reached skill level 5 in Dodging
  7170 | D:6      | Found an iron altar of Okawaru.
  7429 | D:6      | Found a staircase to the Ecumenical Temple.
  7884 | D:7      | Noticed Prince Ribbit
  7899 | D:7      | Reached XP level 9. HP: 51/75 MP: 8/8
  7924 | D:7      | Killed Prince Ribbit
  7939 | D:7      | Found a shimmering altar of Xom.
  8616 | D:7      | Found Hixo Vam's Serpentskin Sales.
  9093 | D:7      | Got a brightly glowing ring mail
  9161 | D:7      | Identified the cursed +1 ring mail "Zorhob" {MR+++} (You found it on level 7 of the Dungeon)
 10044 | D:8      | Found a glowing golden altar of the Shining One.
 10132 | D:8      | Found a burning altar of Makhleb.
 10384 | D:7      | Bought an uncursed ring of poison resistance for 240 gold pieces
 10448 | D:9      | Noticed Gastronok
 10457 | D:9      | Killed Gastronok
 10457 | D:9      | Reached skill level 10 in Armour
 10457 | D:9      | Reached XP level 10. HP: 88/88 MP: 9/9
 10672 | D:9      | Reached ***** piety under Trog
 11068 | D:9      | Found a shadowy altar of Dithmenos.
 11522 | D:10     | Entered Level 10 of the Dungeon
 11610 | D:10     | Received a gift from Trog
 11936 | D:10     | Found a staircase to the Lair.
 12123 | D:10     | Reached XP level 11. HP: 68/97 MP: 10/10
 12272 | D:10     | Noticed Psyche
 12277 | D:10     | Killed Psyche
 12819 | D:10     | Found a staircase to the Orcish Mines.
 13115 | Lair:1   | Entered Level 1 of the Lair of Beasts
 13750 | Lair:1   | Noticed a seven-headed hydra
 13770 | Lair:1   | Slain by a seven-headed hydra

Skill      XL: |  1  2  3  4  5  6  7  8  9 10 11 |
---------------+----------------------------------+-----
Axes           | 4 5 6 8 9 10 11 12 | 12.4
Armour         | 3 5 7 10 11 12 | 12.8
Fighting       | 4 6 8 9 |  9.9
Dodging        | 3 5 7 8 |  8.7

Action                   |  1- 3 |  4- 6 |  7- 9 | 10-12 || total
-------------------------+-------+-------+-------+-------++-------
Melee: Hand axe          |    72 |   167 |   382 |    31 ||   652
       Headbutt          |     9 |    34 |    87 |    34 ||   164
       War axe           |       |       |       |    86 ||    86
       Battleaxe         |       |       |       |   126 ||   126
Invok: Burn Spellbooks   |       |       |     2 |       ||     2
       Berserk           |       |       |     2 |     2 ||     4
       Brothers in Arms  |       |       |       |     3 ||     3
Evoke: Wand              |       |       |     1 |     7 ||     8
  Use: Scroll            |       |       |     2 |       ||     2
 Stab: Sleeping          |     2 |       |       |       ||     2
  Eat: Chunk             |     4 |     3 |    17 |    13 ||    37
       Ration            |       |     1 |     1 |       ||     2
Armor: Animal skin       |     7 |       |       |       ||     7
       Scale mail        |    15 |    59 |   106 |       ||   180
       Ring mail         |       |       |    25 |   135 ||   160
Dodge: Dodged            |    43 |    56 |   147 |   191 ||   437
Block: Buckler           |     5 |    11 |    34 |    15 ||    65
